 Dungeon Crawl Stone Soup version 0.19-a0-1051-gdb7e7f8 (webtiles) character file.

98118 Telfortrockz the Bludgeoner (level 16, 188/188 (189) HPs)
             Began as an Ogre Berserker on Aug 1, 2016.
             Was the Champion of Trog.
             Quit the game on level 1 of the Lair of Beasts.
             The game lasted 01:24:33 (31338 turns).

Telfortrockz the Bludgeoner (Ogre Berserker)       Turns: 31338, Time: 01:24:34

HP:   188/188 (189) AC: 20    Str: 27    XL:     16   Next: 21%
MP:   7/7           EV: 16    Int: 17    God:    Trog [******]
Gold: 1931          SH:  2    Dex: 13    Spells: 0 memorised, 15 levels left

rFire  + . .     SeeInvis .     u - +2 great mace (protect)
rCold  . . .     Gourm    .     J - +1 mottled dragon armour
rNeg   . . .     Faith    .     (shield currently unavailable)
rPois  .         Spirit   .     N - +1 hat
rElec  .         Dismiss  .     g - +2 cloak
rCorr  .         Reflect  +     (gloves unavailable)
SustAt .         Harm     .     (boots unavailable)
MR     ++...                    d - amulet "Zini" {Reflect MR+ MP-9 Str-3 Int+10 SH+2}
Stlth  +.........               f - +4 ring of strength
                                L - ring of protection from fire

@: very resistant to hostile enchantments, very unstealthy
A: unfitting armour, tough skin 1
a: Berserk, Trog's Hand, Brothers in Arms, Burn Spellbooks, Renounce Religion


You were on level 1 of the Lair of Beasts.
You worshipped Trog.
Trog was exalted by your worship.
You were not hungry.

You visited 3 branches of the dungeon, and saw 23 of its levels.
You also visited: Labyrinth and Ice Cave.

You collected 2551 gold pieces.
You spent 620 gold pieces at shops.

Inventory:

Hand Weapons
 u - a +2 great mace of protection (weapon)
 K - a +1 giant spiked club
Missiles
 P - 14 large rocks (quivered)
Armour
 g - a +2 cloak (worn)
 J - a +1 mottled dragon armour (worn)
 N - a +1 hat (worn)
Jewellery
 d - the amulet "Zini" (around neck) {Reflect MR+ MP-9 Str-3 Int+10 SH+2}
   (You found it in an ice cave)

   [amulet of reflection]

   It shields you and reflects attacks.
   It affects your strength (-3).
   It affects your intelligence (+10).
   It affects your resistance to hostile enchantments.
   It affects your magic capacity (-9).
   It affects your SH (+2).
 f - a +4 ring of strength (right hand)
 q - an uncursed ring of ice
 r - an uncursed ring of fire
 A - an uncursed ring of positive energy
 L - a ring of protection from fire (left hand)
Wands
 a - a wand of slowing (37/48)
 b - a wand of disintegration (4/24)
 i - a wand of acid (10/15)
 o - a wand of iceblast (7/15)
 t - a wand of confusion (21/48)
 v - a wand of polymorph (6/24)
 E - a wand of confusion (20/48)
 G - a wand of confusion (12/48)
 M - a wand of flame (15/48)
 O - a wand of polymorph (16/24)
 Q - a wand of paralysis (11/24)
Scrolls
 e - 5 scrolls of remove curse
 h - 2 scrolls of identify
 j - 3 scrolls of blinking
 k - a scroll of enchant armour
 m - a scroll of fear
 s - a scroll of holy word
 w - a scroll of enchant weapon
 C - 5 scrolls of teleportation
 T - a scroll of magic mapping
 W - 2 scrolls of recharging
Potions
 l - a potion of resistance
 n - 2 potions of curing
 p - a potion of cancellation
 x - 2 potions of haste
 B - 4 potions of flight
 D - 5 potions of heal wounds
 F - 2 potions of magic
 R - 2 potions of invisibility
 S - a potion of might
 X - a potion of lignification {unknown}
Books
 z - a book of Flames

   Spells                             Type                      Level
   a - Flame Tongue                   Conjuration/Fire             1
   b - Throw Flame                    Conjuration/Fire             2
   c - Conjure Flame                  Conjuration/Fire             3
   d - Inner Flame                    Hexes/Fire                   3
   e - Sticky Flame                   Conjuration/Fire             4
   f - Fireball                       Conjuration/Fire             5
   Trog disapproves of the use of such an item.
 I - a book of the Warp

   Spells                             Type                      Level
   a - Recall                         Summoning/Translocation      3
   b - Gell's Gravitas                Hexes/Translocation          3
   c - Force Lance                    Conjuration/Translocation    4
   d - Warp Weapon                    Charms/Translocation         5
   e - Summon Forest                  Summoning/Translocation      5
   Trog disapproves of the use of such an item.
Comestibles
 c - 8 bread rations
 H - 12 meat rations


   Skills:
 - Level 19.0 Fighting
 - Level 20.3 Maces & Flails
 + Level 2.7 Throwing
 - Level 10.0 Armour
 - Level 11.8 Dodging


You had 15 spell levels left.
You didn't know any spells.

Dungeon Overview and Level Annotations

Branches:
Dungeon (15/15)              Lair (6/6) D:8           Swamp (0/4) Lair:3
 Spider (0/4) Lair:2        Slime (0/5) Lair:5          Orc (2/2) D:12
    Elf (0/3) Orc:2        Vaults (0/5) D:13         Depths (0/5) D:15
 Temple: D:4-7

Altars:
Ashenzari
Cheibriados
Dithmenos
Makhleb
Nemelex Xobeh
Okawaru
Pakellas
Ru
Vehumet
Yredelemnul
The Shining One
Jiyva

Shops:
D:7 %   D:9 *   D:11 *   Orc:2 (=[:?

Annotations:
D:9 exclusion: statue


Innate Abilities, Weirdness & Mutations

You are too large for most types of armour.
You have tough skin. (AC +1)


Message History

a giant club; a robe of cold resistance; a quarterstaff of freezing
There is a stone staircase leading up here.
You climb upwards.
Level annotation: exclusion: statue
There is a stone staircase leading down here.
Things that are here:
a giant club x2
You see here a long sword.
There is a stone staircase leading up here.
You climb upwards.
There is a stone staircase leading down here.
You see here a pair of gloves.
There is a staircase to the Lair here.
You climb downwards.
Welcome to the Lair of Beasts!
There is a staircase back to the Dungeon here.
Items here: !!! " (( )))) ///// ::: == ???? [[[[ Drop what? 47/52 slots (_ for help) (? for menu, Esc to quit)
Okay, then.
Search for what [Enter for "shield", or ? for help]? god Are you sure you want to abandon this character and quit the game? (Confirm with "yes".)

### ##### #########.##
##...#####.@..#.#...###
##......##......#......#
#.......P..............##
#.......................##
#........................##
#.......................PP#
#.........................#
#........#...............##
#.......###..............#


There were no monsters in sight!

Vanquished Creatures
  Gastronok (Lair:1)
  A dire elephant (Lair:6)
  Snorg (Lair:5)
  A fire dragon (D:13)
  A minotaur (Lab)
  A deep elf high priest (D:12)
  Josephine (Lair:4)
  Fannar (D:10)
  The ghost of strifetoe the Severer, a journeyman GrFi of Okawaru (Lair:1)
  7 hydras
  4 centaur warriors
  A merfolk avatar (Lair:6)
  2 catoblepae
  A tengu warrior (D:14)
  5 death yaks (Lair:6)
  An ogre mage (D:15)
  A death knight (D:12)
  A vampire mage (D:15)
  Nergalle (Lair:3)
  A skeletal warrior (D:15)
  An iron troll (D:13)
  The ghost of Findleman the Basher, a novice FoFi of Makhleb (D:7)
  A golden dragon zombie (D:15)
  7 hill giants
  A phantasmal warrior (D:13)
  2 orc knights
  2 necromancers
  A lindwurm (Lair:5)
  2 orc sorcerers
  4 griffons
  A wolf spider zombie (D:15)
  3 cyclopes
  9 ugly things
  An iron dragon skeleton (D:15)
  5 manticores
  A stone giant skeleton (D:15)
  18 elephants
  4 black mambas
  2 ice statues (IceCv)
  Joseph (D:7)
  2 gargoyles
  3 rime drakes (Lair:6)
  4 centaur skeletons
  17 spiny frogs
  9 komodo dragons
  A freezing wraith (D:12)
  An efreet (D:14)
  5 yaktaurs (D:15)
  A guardian mummy (D:15)
  4 kobold demonologists (D:12)
  8 trolls
  A tengu conjurer (D:14)
  3 polar bears (Lair:6)
  4 two-headed ogres
  8 blink frogs
  A wind drake (shapeshifter) (D:13)
  A jumping spider (shapeshifter) (D:15)
  A slime creature (D:10)
  A boulder beetle (Lair:6)
  A shadow (D:12)
  A spriggan (D:9)
  2 wyverns (Lair:6)
  2 wraiths (Lair:4)
  A tarantella (Lair:2)
  A fire dragon skeleton (D:15)
  2 vampires
  40 yaks
  The ghost of EatSomeMorePills the Cudgeler, an amateur MiBe of Trog (D:3)
  7 hungry ghosts
  A human (shapeshifter) (D:15)
  4 basilisks
  7 hippogriffs
  8 vampire mosquitoes
  2 mottled dragons
  2 wargs
  A soldier ant (D:12)
  15 water moccasins
  6 porcupines
  34 orc warriors
  2 sky beasts
  An eye of draining (D:12)
  15 ice beasts
  2 black bears (D:11)
  14 ogres
  4 necrophages
  A phantom (D:13)
  20 wolves
  3 wasps (Lair:6)
  11 centaurs
  16 crocodiles
  4 big kobolds
  13 giant frogs
  A water moccasin zombie (D:5)
  A gnoll sergeant (D:11)
  A wyvern skeleton (D:12)
  5 scorpions
  23 killer bees
  5 wights (D:11)
  An electric eel (Lair:1)
  4 lava snakes (Lab)
  3 centaur zombies
  8 crimson imps
  4 hounds
  A quasit (D:8)
  2 giant frog zombies
  10 jellies
  26 orc wizards
  15 orc priests
  A giant frog skeleton (D:8)
  9 iguanas
  9 worker ants
  4 polar bear simulacra (Lair:6)
  A yak simulacrum (Lair:6)
  2 wolf simulacra (Lair:6)
  2 killer bee zombies
  4 gnolls (D:11)
  13 adders
  34 river rats
  4 shadow imps
  2 oozes
  2 adder skeletons
  2 worms
  A dart slug (D:3)
  5 giant geckos
  77 orcs
  10 giant cockroaches
  4 hobgoblins
  4 jackals (D:7)
  24 kobolds
  3 quokkas
  A ball python (D:2)
  10 bats
  6 giant newts
  7 goblins
  9 rats
  4 river rat simulacra (Lair:6)
784 creatures vanquished.

Vanquished Creatures (collateral kills)
  Nessos (Lair:4)
  A boulder beetle (shapeshifter) (D:12)
  A wraith (Lair:4)
  A shadow (D:12)
  A crocodile (Lair:4)
  2 adders (D:12)
  A shadow imp (D:12)
  2 orcs (D:7)
10 creatures vanquished.

Vanquished Creatures (others)
  An orc warrior (Orc:2)
  An ice beast (IceCv)
  2 orcs (Orc:2)
  16 fungi
  29 plants
  2 withered plants (D:15)
51 creatures vanquished.

Grand Total: 845 creatures vanquished

Notes
Turn   | Place    | Note
-------+----------+-------------------------------------------
     0 | D:1      | Telfortrockz the Ogre Berserker began the quest for the Orb.
     0 | D:1      | Reached XP level 1. HP: 24/24 MP: 1/1
   110 | D:1      | Reached XP level 2. HP: 25/33 MP: 2/2
   573 | D:1      | Reached ** piety under Trog
   589 | D:1      | Reached XP level 3. HP: 23/41 MP: 3/3
   791 | D:2      | Reached skill level 5 in Maces & Flails
   815 | D:2      | Reached skill level 5 in Fighting
   991 | D:2      | Reached XP level 4. HP: 34/50 MP: 4/4
  1071 | D:2      | Found an oddly glowing altar of Pakellas.
  1071 | D:2      | Found a sparkling altar of Nemelex Xobeh.
  1182 | D:3      | Noticed EatSomeMorePills's ghost (amateur MiBe)
  1314 | D:3      | Found a faded altar of an unknown god.
  1431 | D:3      | Killed EatSomeMorePills's ghost
  1431 | D:3      | Reached skill level 6 in Maces & Flails
  1431 | D:3      | Reached XP level 5. HP: 61/61 MP: 5/5
  1558 | D:3      | Found a snail-covered altar of Cheibriados.
  1651 | D:3      | Reached XP level 6. HP: 65/68 MP: 6/6
  1853 | D:3      | Reached skill level 7 in Maces & Flails
  2467 | D:3      | Reached *** piety under Trog
  2583 | D:3      | Reached XP level 7. HP: 46/78 MP: 7/7
  2827 | D:4      | Found an iron altar of Okawaru.
  2908 | D:4      | You fall through a shaft!
  2908 | D:5      | Entered Level 5 of the Dungeon
  3440 | D:4      | Reached skill level 8 in Maces & Flails
  4158 | D:5      | Found a sacrificial altar of Ru.
  4283 | D:6      | Reached skill level 9 in Maces & Flails
  4438 | D:6      | Reached XP level 8. HP: 81/92 MP: 8/8
  4792 | D:6      | Reached skill level 10 in Maces & Flails
  4908 | D:6      | Found a basalt altar of Yredelemnul.
  4935 | D:6      | Found a glowing golden altar of the Shining One.
  5058 | D:6      | Identified Sif Muna's Incunabulum of Boosting Darkness
  5076 | D:6      | Reached skill level 10 in Fighting
  5389 | D:6      | Noticed an angel
  5518 | D:7      | Reached **** piety under Trog
  5573 | D:7      | Noticed Findleman's ghost (novice FoFi)
  5583 | D:7      | Killed Findleman's ghost
  5583 | D:7      | Reached skill level 11 in Maces & Flails
  5583 | D:7      | Reached XP level 9. HP: 105/105 MP: 9/9
  6122 | D:7      | Reached skill level 12 in Maces & Flails
  6243 | D:7      | Noticed Joseph
  6243 | D:7      | Found Fazxed's Food Shop.
  6248 | D:7      | Killed Joseph
  6248 | D:7      | Reached skill level 13 in Maces & Flails
  7113 | D:8      | Reached skill level 14 in Maces & Flails
  7113 | D:8      | Reached XP level 10. HP: 114/114 MP: 10/10
  7733 | D:8      | Found a staircase to the Lair.
  7857 | D:9      | Found Hosif's General Store.
  7990 | D:9      | Reached skill level 5 in Dodging
  8099 | D:9      | Found a shattered altar of Ashenzari.
  8351 | D:9      | Found a radiant altar of Vehumet.
  8690 | D:10     | Entered Level 10 of the Dungeon
  8695 | D:10     | Found a viscous altar of Jiyva.
  8893 | D:10     | Noticed a hill giant
  8914 | D:10     | Killed a hill giant
  8914 | D:10     | Reached ***** piety under Trog
  9188 | D:10     | Reached XP level 11. HP: 109/127 MP: 11/11
  9246 | D:10     | Noticed Fannar
  9250 | D:10     | Noticed a hill giant
  9275 | D:10     | Killed Fannar
  9279 | D:10     | Killed a hill giant
  9872 | D:11     | Received a gift from Trog
 10159 | D:11     | Noticed a centaur warrior
 10171 | D:11     | Killed a centaur warrior
 10553 | D:11     | Noticed a hill giant
 10557 | D:11     | Reached skill level 1 in Armour
 10573 | D:11     | Killed a hill giant
 10897 | D:11     | Noticed a five-headed hydra
 10907 | D:11     | Killed a five-headed hydra
 10938 | D:11     | Noticed a hill giant
 10945 | D:11     | Killed a hill giant
 11176 | D:11     | Noticed a cyclops
 11195 | D:11     | Killed a cyclops
 11258 | D:11     | Found Leuloah's Assorted Antiques.
 11264 | D:11     | Bought a scroll of identify for 46 gold pieces
 11273 | D:11     | Reached skill level 5 in Armour
 11741 | D:12     | Reached XP level 12. HP: 139/139 MP: 12/12
 11874 | D:12     | Found a staircase to the Orcish Mines.
 11896 | D:12     | Found a frozen archway.
 12255 | IceCv    | Entered an ice cave
 12565 | IceCv    | Got a heavily runed steel amulet
 12577 | IceCv    | Identified the amulet "Zini" {Reflect MR+ MP-9 Str-3 Int+10 SH+2} (You found it in an ice cave)
 12867 | D:12     | Noticed a soul eater
 13009 | D:12     | Noticed a centaur warrior
 13023 | D:12     | Killed a centaur warrior
 13503 | D:12     | Noticed a four-headed hydra
 13540 | D:12     | Killed a four-headed hydra
 13554 | D:12     | Got a pitted rapier {freeze}
 13555 | D:12     | Identified the +3 rapier "Efiar" {freeze, Str+2 Int+4} (You took it off a vampire on level 12 of the Dungeon)
 13928 | D:12     | Noticed a catoblepas
 13967 | D:12     | Noticed a death knight
 13988 | D:12     | Killed a death knight
 14295 | D:12     | Killed a catoblepas
 14295 | D:12     | Reached skill level 10 in Dodging
 14643 | D:12     | Noticed a deep elf high priest
 14657 | D:12     | Killed a deep elf high priest
 14892 | D:12     | Reached XP level 13. HP: 139/146 MP: 4/13
 15238 | D:12     | Reached skill level 15 in Maces & Flails
 15611 | Orc:1    | Entered Level 1 of the Orcish Mines
 15717 | Orc:2    | Entered Level 2 of the Orcish Mines
 15829 | Orc:2    | Found Suarauff's Weapon Emporium.
 15839 | Orc:2    | Found a labyrinth entrance.
 15848 | Lab      | Entered a labyrinth
 16222 | Lab      | Noticed a minotaur
 16232 | Lab      | Killed a minotaur
 16459 | Orc:2    | Reached skill level 16 in Maces & Flails
 16630 | Lair:1   | Entered Level 1 of the Lair of Beasts
 16764 | Lair:1   | Noticed Gastronok
 16772 | Lair:1   | Killed Gastronok
 16828 | Lair:1   | Noticed strifetoe's ghost (journeyman GrFi)
 16838 | Lair:1   | Killed strifetoe's ghost
 17651 | Lair:2   | Reached skill level 17 in Maces & Flails
 17940 | Lair:2   | Found a hole to the Spider Nest.
 18197 | Lair:2   | Reached skill level 18 in Maces & Flails
 18650 | Lair:2   | Got a pitted longbow
 18651 | Lair:2   | Identified the +9 longbow of Sequestration {flame, SInv} (You found it on level 2 of the Lair of Beasts)
 18673 | Lair:3   | Noticed Nergalle
 18693 | Lair:3   | Killed Nergalle
 18804 | Lair:3   | Found a staircase to the Swamp.
 19208 | Lair:3   | Reached XP level 14. HP: 148/156 MP: 5/14
 19800 | Lair:3   | Reached skill level 19 in Maces & Flails
 19884 | Lair:4   | Noticed Josephine
 19895 | Lair:4   | Killed Josephine
 20028 | Lair:4   | Noticed Nessos
 20270 | Lair:4   | Killed Nessos
 20270 | Lair:4   | Received a gift from Trog
 20831 | Lair:4   | Got a crude naga barding
 20833 | Lair:4   | Identified the +5 naga barding of the Amoeba {rN++ Dex+3} (You found it on level 4 of the Lair of Beasts)
 21430 | Lair:5   | Reached skill level 20 in Maces & Flails
 21655 | Lair:5   | Found a viscous altar of Jiyva.
 21656 | Lair:5   | Found a staircase to the Slime Pits.
 21657 | Lair:5   | Noticed Snorg
 21666 | Lair:5   | Killed Snorg
 22131 | Lair:6   | Entered Level 6 of the Lair of Beasts
 22417 | Lair:6   | Reached skill level 15 in Fighting
 22737 | Lair:6   | Received a gift from Trog
 23501 | Lair:6   | Reached XP level 15. HP: 107/174 MP: 6/15
 24290 | Lair:6   | Received a gift from Trog
 24550 | Lair:6   | Reached ****** piety under Trog
 25121 | D:9      | Bought a potion of might for 52 gold pieces
 25252 | Orc:2    | Found a staircase to the Elven Halls.
 25721 | Orc:2    | Found a burning altar of Makhleb.
 26374 | Orc:1    | Received a gift from Trog
 26827 | Orc:2    | Found Cunt's Antique Armour Emporium.
 26827 | Orc:2    | Found Udobba Loklu's Book Shop.
 26829 | Orc:2    | Found Yshoj's Magic Scroll Boutique.
 26831 | Orc:2    | Found Noewun's Jewellery Shoppe.
 26838 | Orc:2    | Bought a scroll of identify for 20 gold pieces
 26838 | Orc:2    | Bought a scroll of teleportation for 30 gold pieces
 26838 | Orc:2    | Bought a scroll of enchant armour for 75 gold pieces
 26838 | Orc:2    | Bought a scroll of blinking for 75 gold pieces
 26838 | Orc:2    | Bought a scroll of identify for 20 gold pieces
 26838 | Orc:2    | Bought a scroll of identify for 20 gold pieces
 26838 | Orc:2    | Bought a scroll of fear for 35 gold pieces
 27528 | D:13     | Found a gate to the Vaults.
 28080 | D:13     | Got a polished plate armour
 28237 | D:13     | Found a shadowy altar of Dithmenos.
 28848 | D:14     | Received a gift from Trog
 29111 | D:15     | Entered Level 15 of the Dungeon
 29436 | D:15     | Reached XP level 16. HP: 155/189 MP: 7/16
 29916 | D:15     | Found a staircase to the Depths.
 30534 | D:15     | Reached skill level 10 in Armour
 30669 | D:15     | Reached skill level 1 in Throwing
 31141 | Orc:2    | Bought a fine shield for 247 gold pieces
 31141 | Orc:2    | Identified the +5 plate armour of It's Over Quickly {rElec MR- Dex+2} (You took it off an orc on level 13 of the Dungeon)
 31143 | Orc:2    | Identified the +2 shield of Mental Paralysis {Str+3} (You bought it in a shop on level 2 of the Orcish Mines)
 31338 | Lair:1   | Quit the game

Vault maps used:
D:1:      saegor_arrival_simple_b
D:2:      gammafunk_temple_overflow_wave
D:3:      ecumenical_altar_2, cheibriados_altar_wand_db
D:4:      okawaru_gym_becter, serial_shops, nicolae_shop_behind_doors,
          hangedman_decor_lopped
D:5:      first_bread, nicolae_ru_great_annihilating_truth
D:6:      grunt_temple_overflow_holy_war
D:7:      serial_shops, nicolae_shop_crystal, uniq_joseph
D:8:      erik_lair_dragon
D:9:      evilmike_ruin_ashenzari, vehumet_statue, serial_shops,
          nicolae_shop_statue_plus, the_bakery
D:10:     minmay_crystal_room, jiyva_altar_1, uniq_fannar
D:11:     serial_shops, shop
D:12:     kennysheep_green_arena, orc_0_dummy, portal_ice_cave_entry_ice_beasts
D:13:     david_vaults_4, nicolae_dithmenos_through_a_glass_darkly
D:14:     nrook_mini_vaults
D:15:     gammafunk_depths_entry_grave, hangedman_decor_points, minivault_22
Lair:1:   wad_woods_04, serial_bayou_shore_a, uniq_gastronok
Lair:2:   spider_nest_entry_rubble, lemuel_fruit_tree, grunt_megastairs_4
Lair:3:   minmay_swamp_entry_worms, uniq_nergalle
Lair:4:   uniq_josephine, uniq_nessos
Lair:5:   slime_altar_1, uniq_snorg
Lair:6:   gammafunk_lair_ancient_temple, eino_house_with_fridge
Orc:1:    enter_volcano_2
Orc:2:    st_orc_rangers, lab_entry_generic, serial_shops, shop, basic_altar
Lab:      nicolae_lab_dead_adventurers, nicolae_lab_do_over,
          labyrinth_lava_lair, nicolae_lab_dead_end
IceCv:    ice_cave_statue_garden_teleport

Skill      XL: |  1  2  3  4  5  6  7  8  9 10 11 12 13 14 15 16 |
---------------+-------------------------------------------------+-----
Maces & Flails | 5 6 7 9 11 14 18 20 | 20.3
Fighting       | 5 6 7 9 11 13 14 17 19 | 19.0
Dodging        | 6 8 10 11 | 11.8
Armour         | 5 8 9 10 | 10.0
Throwing       | 2 |  2.7

Action                   |  1- 3 |  4- 6 |  7- 9 | 10-12 | 13-15 | 16-18 || total
-------------------------+-------+-------+-------+-------+-------+-------++-------
Melee: Mace              |   109 |   122 |   175 |       |       |       ||   406
       Dire flail        |       |       |   179 |   765 |   224 |       ||  1168
       Great mace        |       |       |       |       |  1373 |   136 ||  1509
Throw: Large rock        |       |       |       |     3 |       |       ||     3
Invok: Berserk           |       |     1 |     2 |     6 |     8 |       ||    17
       Brothers in Arms  |       |       |     1 |     4 |     2 |       ||     7
       Burn Spellbooks   |       |       |     1 |       |       |       ||     1
       Trog's Hand       |       |       |       |     1 |     2 |       ||     3
Evoke: Wand              |       |     6 |    12 |    16 |     1 |       ||    35
  Use: Scroll            |       |     4 |     9 |    13 |    19 |     2 ||    47
       Potion            |       |       |     2 |     9 |     3 |       ||    14
 Stab: Paralysed         |       |       |     1 |       |       |       ||     1
       Confused          |       |       |       |    11 |       |       ||    11
       Sleeping          |       |       |       |     2 |       |       ||     2
       Distracted        |       |       |       |     1 |       |     1 ||     2
       Invisible         |       |       |       |     5 |       |       ||     5
       Petrified         |       |       |       |       |       |     1 ||     1
  Eat: Chunk             |       |     7 |    15 |    17 |    17 |     2 ||    58
       Fruit             |       |       |     4 |       |    12 |       ||    16
       Beef jerky        |       |       |     2 |     1 |     1 |       ||     4
       Royal jelly       |       |       |       |     1 |     2 |       ||     3
       Pizza             |       |       |       |     4 |     2 |       ||     6
       Bread ration      |       |       |       |     2 |     6 |     1 ||     9
Armor: Animal skin       |    39 |    43 |    72 |       |       |       ||   154
       Robe              |       |       |    10 |   133 |    49 |       ||   192
       Mottled dragon ar |       |       |       |       |   510 |    67 ||   577
Dodge: Dodged            |    66 |    79 |   117 |   347 |  1003 |    46 ||  1658
Block: Other             |       |       |       |    14 |    95 |     5 ||   114
       Reflection        |       |       |       |     1 |     5 |       ||     6
